 Dungeon Crawl Stone Soup version 0.31.0-32-g396128a36d (webtiles) character file.

Game seed: 5117665171153608046

1871 spaghetti the Summoner (level 9, 0/88 (102) HPs)
             Began as a Naga Summoner on Mar 9, 2024.
             Slain by an orc wizard
             ... wielding a +0 dagger
              (1 damage)
             ... on level 7 of the Dungeon.
             The game lasted 00:10:04 (6974 turns).

spaghetti the Summoner (Naga Summoner)              Turns: 6974, Time: 00:10:04

HP:   0/88 (102)    AC: 24    Str: 12    XL:     9   Next: 13%
MP:   4/12          EV:  1    Int: 19    God:
Gold: 93            SH:  0    Dex: 11    Spells: 6/12 levels left

rFire   . . .        o - +2 short sword (venom)
rCold   . . .        (no shield)
rNeg    . . .        a - melded +0 robe
rPois   +            (helmet currently unavailable)
rElec   .            (cloak currently unavailable)
rCorr   +            (gloves currently unavailable)
SInv    +            (no barding)
Will    +....        c - amulet of regeneration
Stlth   ++           i - ring of resist corrosion
HPRegen 1.14/turn    B - +5 ring of evasion
MPRegen 0.13/turn

%: no passive effects
@: tree-form, heavily drained, inugami summoned
A: stationary, stasis, torment immunity, boosted hp, AC +3, large, see
invisible, (deformed body), (poison resistance), (slowness 2), spit poison 1,
(naga tail 1)
a: Spit Poison


You were on level 7 of the Dungeon.
You were a tree.
You visited 1 branch of the dungeon, and saw 7 of its levels.
You also visited: Sewer.

You collected 262 gold pieces.
You spent 169 gold pieces at shops.

Inventory:

Hand Weapons
 o - a +2 short sword of venom (weapon)
Armour
 a - a +0 robe (melded)
Jewellery
 c - an amulet of regeneration (around neck)
 i - a ring of resist corrosion (left branch)
 w - a ring of protection from cold
 B - a +5 ring of evasion (right branch)
Wands
 d - a wand of iceblast (10)
Scrolls
 f - a scroll of enchant armour {unknown}
 h - 2 scrolls of enchant weapon
 j - a scroll of poison
 l - a scroll of immolation
 m - 2 scrolls of teleportation {unknown}
 n - a scroll of fear {unknown}
 r - a scroll of silence
 x - a scroll of noise {unknown}
 y - a scroll of vulnerability {unknown}
 A - a scroll of revelation {unknown}
 C - a scroll of torment {unknown}
 D - a scroll of blinking {unknown}
 E - a scroll of fog {unknown}
Potions
 b - a potion of magic
 e - a potion of curing
 g - a potion of lignification
 k - a potion of enlightenment {unknown}
 p - 3 potions of mutation {unknown}
 q - 3 potions of brilliance {unknown}
 s - a potion of might {unknown}
 t - a potion of haste {unknown}
 z - a potion of cancellation {unknown}


   Skills:
 - Level 1.5 Dodging
 - Level 3.0 Stealth
 - Level 2.0 Spellcasting
 + Level 12.2 Summonings


You had 6 spell levels left.
You knew the following spells:

 Your Spells              Type           Power      Damage    Failure   Level
a - Summon Small Mammal   Summ           100%       N/A       1%          1
b - Call Imp              Summ           96%        N/A       1%          2
c - Call Canine Familiar  Summ           48%        N/A       1%          3

Your spell library contained the following spells:

 Spells                   Type           Power      Damage    Failure   Level
 Summon Blazeheart Golem  Fire/Summ      25%        N/A       14%         4
 Summon Lightning Spire   Summ/Air       25%        N/A       14%         4


Dungeon Overview and Level Annotations

Branches:
Dungeon (7/15)              Sewer (visited)
 Temple: D:4-7

Altars:
Ashenzari
Okawaru
Sif Muna
The Shining One

Shops:
D:4 *[[!   D:5 (

Annotations:
D:6 3 runed translucent doors, OphelQuist's ghost, novice OpSh


Innate Abilities, Weirdness & Mutations

You are a tree.
Your roots penetrate the ground, keeping you stationary.
You cannot be teleported.
You are immune to unholy pain and torment.
Your maximum health is greatly increased.
Your equipment is partially melded.
((Your serpentine skin is tough. (AC +3)))
You have supernaturally acute eyesight. (SInv)
((Armour fits poorly on your strangely shaped body.))
((Your system is resistant to poisons. (rPois)))
((You cover ground very slowly.))
You can spit poison.
((You have a snake-like lower body.))


Message History

The water moccasin closely misses your inugami.
Your cerulean imp completely misses the orc warrior.
The orc warrior hits you but does no damage.
The wight hits you but does no damage. The kobold hits you but does no damage.
The orc wizard barely misses you.
Unknown command.
You feel better.
The water moccasin barely misses your inugami.
The howler monkey hits you but does no damage.
Your inugami misses the water moccasin.
Your cerulean imp hits the orc warrior but does no damage.
The orc warrior hits you with a +0 short sword.
* * * LOW HITPOINT WARNING * * *
The wight hits you with a +4 dire flail of freezing!
* * * LOW HITPOINT WARNING * * *
The wight freezes you.
* * * LOW HITPOINT WARNING * * *
The kobold hits you but does no damage.
The orc wizard hits you with a +0 dagger.
* * * LOW HITPOINT WARNING * * *
Unknown command.
Unknown command.
Unknown command.
You closely miss the orc warrior.
The orc warrior is severely wounded.
The water moccasin misses your inugami.
The howler monkey hoots and howls with incredible vigour!
Your inugami hits the water moccasin!
Your cerulean imp hits the orc warrior from afar with a +0 spear.
The water moccasin bites your inugami but does no damage.
The orc warrior hits you with a +0 short sword!
* * * LOW HITPOINT WARNING * * *
The wight hits you with a +4 dire flail of freezing.
* * * LOW HITPOINT WARNING * * *
The wight freezes you.
* * * LOW HITPOINT WARNING * * *
The kobold hits you with a +0 club.
* * * LOW HITPOINT WARNING * * *
The orc wizard hits you with a +0 dagger.
You die...

##### #.............#z....
#...#### #....[.....(.##...
#.#...)###...........#..z
#)####..##..........##)#
#)).###.............#).#
###.######.......)S...##
##..#####.......h.....#
##.......#....oKho)o.#.......
#.<...........5♣oz..#########
#.........[.#####z#..##
#...........#.........#
#...........#.........#
##.........##........>#
##...#######.........# #.###
#.........# #.# #.........#
#.........#


You could see an orc warrior (very poisoned, ally target), a water moccasin
(distracted, ally target), a howler monkey (very poisoned), 2 wights, an orc
wizard (invisible), 2 orcs, a kobold, a friendly cerulean imp (summoned) and a
friendly inugami (summoned).

Vanquished Creatures
  An orc warrior (D:5)
  A centaur (D:5)
  A kobold brigand (D:7)
  2 hounds
  An orc priest (D:7)
  A jelly (D:5)
  An orc wizard (D:6)
  2 gnolls (D:4)
  2 river rats (Sewer)
  6 adders
  2 ribbon worms
  A dart slug (D:4)
  12 orcs
  2 endoplasms
  3 giant cockroaches
  3 goblins
  A hobgoblin (D:2)
  A jackal (D:4)
  4 quokkas
  4 ball pythons (Sewer)
  3 bats (D:1)
  3 frilled lizards
  15 kobolds
  9 rats
81 creatures vanquished.

Vanquished Creatures (collateral kills)
  Grinder (D:3)
  2 water moccasins
  An ogre (D:5)
  2 kobold brigands (Sewer)
  2 scorpions (D:5)
  2 wights (D:7)
  A howler monkey (D:5)
  2 bombardier beetles (D:5)
  A hound (D:6)
  An iguana (D:4)
  3 orc wizards
  3 adders
  4 gnolls (D:3)
  A river rat (Sewer)
  A shadow imp (D:5)
  4 ribbon worms
  5 dart slugs
  8 orcs
  3 endoplasms
  A giant cockroach (D:4)
  3 goblins (D:3)
  3 hobgoblins
  2 jackals (D:4)
  2 quokkas
  4 ball pythons
  3 bats
  4 frilled lizards
  12 kobolds
  2 rats
83 creatures vanquished.

Vanquished Creatures (others)
  Menkaure (D:7)
1 creature vanquished.

Grand Total: 165 creatures vanquished

Notes
Turn   | Place    | Note
-------+----------+-------------------------------------------
     0 | D:1      | spaghetti the Naga Summoner began the quest for the Orb.
     0 | D:1      | Reached XP level 1. HP: 15/15 MP: 3/3
   246 | D:1      | Reached XP level 2. HP: 22/22 MP: 5/5
   913 | D:2      | Reached XP level 3. HP: 28/28 MP: 3/6
   925 | D:1      | Reached skill level 5 in Summonings
   929 | D:1      | Learned a level 2 spell: Call Imp
   933 | D:1      | Learned a level 3 spell: Call Canine Familiar
  1473 | D:2      | Reached XP level 4. HP: 33/36 MP: 2/7
  1811 | D:2      | Found a faded altar of an unknown god.
  2112 | D:3      | Found a glowing drain.
  2119 | Sewer    | Entered a sewer
  2133 | Sewer    | Reached skill level 6 in Summonings
  2382 | Sewer    | Reached XP level 5. HP: 21/42 MP: 3/8
  2511 | Sewer    | Noticed a kobold brigand
  2512 | Sewer    | Noticed a kobold brigand
  2524 | Sewer    | Killed a kobold brigand
  2539 | Sewer    | Killed a kobold brigand
  2540 | Sewer    | Reached skill level 7 in Summonings
  2540 | Sewer    | Reached XP level 6. HP: 49/49 MP: 1/9
  2926 | D:3      | Found a broken altar of Ashenzari.
  3142 | D:3      | Noticed Grinder
  3154 | D:3      | Killed Grinder
  3155 | D:3      | Reached skill level 8 in Summonings
  3155 | D:3      | Reached XP level 7. HP: 45/55 MP: 3/10
  4225 | D:4      | Noticed an animated storm dragon scales
  4269 | D:4      | Found Wanuria's Armour Boutique.
  4271 | D:4      | Noticed an animated crystal plate armour
  4402 | D:4      | Found a shimmering blue altar of Sif Muna.
  4432 | D:4      | Found Hangex's Distillery.
  4440 | D:4      | Bought a potion of curing for 39 gold pieces
  4440 | D:4      | Bought 2 potions of heal wounds for 130 gold pieces
  4538 | D:4      | Found an iron altar of Okawaru.
  4648 | D:4      | Found Nitucs's Antique Armour Boutique.
  4783 | D:4      | Reached skill level 9 in Summonings
  4988 | D:4      | Found Tavis Roov's General Store.
  5180 | D:4      | Found a glowing golden altar of the Shining One.
  5232 | D:5      | Entered Level 5 of the Dungeon
  5560 | D:5      | Reached XP level 8. HP: 34/62 MP: 4/11
  5764 | D:5      | Reached skill level 10 in Summonings
  5964 | D:5      | Found Usiotasu's Weapon Emporium.
  6274 | D:5      | Reached skill level 11 in Summonings
  6609 | D:6      | Found a runed translucent gate.
  6609 | D:6      | Found a runed translucent gate.
  6610 | D:6      | Found a runed translucent gate.
  6610 | D:6      | Noticed a spectral unseen horror
  6612 | D:6      | Noticed OphelQuist's ghost (novice OpSh)
  6720 | D:6      | Noticed a yak
  6721 | D:6      | Noticed a yak
  6722 | D:6      | Noticed a yak
  6724 | D:6      | Noticed a yak
  6725 | D:6      | Noticed a yak
  6806 | D:7      | Noticed Menkaure
  6831 | D:7      | Killed Menkaure
  6832 | D:7      | Reached XP level 9. HP: 33/68 MP: 6/12
  6945 | D:7      | Reached skill level 12 in Summonings
  6974 | D:7      | HP: 4/88 [orc warrior/+0 short sword (9)]
  6974 | D:7      | HP: 1/88 [kobold/+0 club (1)]
  6974 | D:7      | Slain by an orc wizard

Illustrated notes

Levels and vault maps discovered:
D:1:      eino_arrival_water_cross, layout_loops_ring, bh_walls_and_bars
D:2:      layout_basic, dreamdust_ecumenical_altar_hidden_monk_grotto,
          minmay_tetromino_o4
D:3:      layout_rooms, cheibrodos_ashenzari_chains, serial_rivers,
          chequers_serial_rivers_small_3, chequers_serial_rivers_micro_b,
          chequers_serial_rivers_room_b, chequers_serial_rivers_large_a,
          mainiacjoe_sewer_entry_somewhere_in_here_2, roderic_serpentine_path,
          nicolae_figureground_pulse, uniq_grinder
D:4:      nicolae_cairo_tiling_large_dashed, layout_loops_corners,
          okawaru_altar_gauntlet_db, tso_altar, general_overflow_altar,
          serial_shops, shop, nicolae_shop_mannequins, nicolae_stop_n_shop_1,
          kennysheep_little_box, amcnicky_mini_rare_corridor_liquid,
          reono_crystal_passage
D:5:      layout_cave_pools, serial_shops, nicolae_shop_real_fake_doors,
          hangedman_abyss_or_decor_passed, hangedman_decor_push,
          nicolae_nh_ransacked_shop
D:6:      layout_rooms, gammafunk_ghost_necromancy, serial_glass,
          glass_columns_b, glass_columns_b, glass_columns_a, glass_columns_a,
          glass_columns_c, glass_columns_a, glass_columns_a, glass_columns_b,
          glass_columns_a, glass_columns_a, glass_columns_a, glass_columns_a,
          glass_columns_b, glass_columns_b, st_stairs_7, nicolae_stop_n_shop_1,
          grunt_potential, uniq_edmund
D:7:      layout_rooms, makhleb_altar_promises_db, minmay_temple_entry_junction,
          serial_bayou_pond_d, grunt_ogre_cave, uniq_menkaure, uniq_pikel,
          uniq_maurice

Skill      XL: |  1  2  3  4  5  6  7  8  9 |
---------------+----------------------------+-----
Summonings     | 5 6 7 8 9 11 12 | 12.2
Dodging        | |  1.5
Stealth        | |  3.0
Spellcasting   | |  2.0

Action                     |  1- 3 |  4- 6 |  7- 9 || total
---------------------------+-------+-------+-------++-------
  Melee: Unarmed           |   151 |    21 |       ||   172
         Punch             |     1 |     1 |     1 ||     3
         Short sword       |       |    73 |   184 ||   257
   Cast: Summon Small Mamm |    17 |    15 |    26 ||    58
         Call Imp          |     7 |    14 |    42 ||    63
         Call Canine Famil |     6 |    15 |    32 ||    53
Ability: Spit Poison       |     5 |       |       ||     5
    Use: Potion            |       |     1 |    10 ||    11
         Scroll            |       |       |     4 ||     4
   Stab: Distracted        |     2 |     1 |       ||     3
         Sleeping          |     1 |     3 |     1 ||     5
         Invisible         |       |       |     1 ||     1
 Armour: Robe              |   135 |    73 |   125 ||   333
         Skin              |       |       |    70 ||    70
  Dodge: Dodged            |    96 |    37 |   169 ||   302
